 Dungeon Crawl Stone Soup version 0.31-a0-716-gc7603755dd (webtiles) character file.

Game seed: 9956701366629279990

254 dialectric the Covered (level 6, 0/38 HPs)
             Began as a Gargoyle Fighter on Sept 11, 2023.
             Slain by an orc warrior
             ... wielding a +0 hand axe
              (1 damage)
             ... on level 5 of the Dungeon.
             The game lasted 00:03:19 (2329 turns).

dialectric the Covered (Gargoyle Fighter)           Turns: 2329, Time: 00:03:20

Health: 0/38       AC: 14    Str: 22    XL:     6   Next: 15%
Magic:  0/6        EV: 10    Int:  8    God:
Gold:   98         SH:  0    Dex:  9    Spells: 5/5 levels left

rFire   . . .        a - +0 flail
rCold   . . .        (no shield)
rNeg    + . .        b - +0 scale mail
rPois   ∞            (no helmet)
rElec   +            j - +0 cloak
rCorr   .            n - +0 pair of gloves
SInv    .            (no boots)
Will    .....        g - amulet of guardian spirit Stlth
                     (no ring)
HPRegen 0.26/turn    (no ring)
MPRegen 0.10/turn

%: guardian spirit
@: mighty
A: sickness immunity, AC +4, negative energy resistance 1, electricity
resistance, torment resistance 1, petrification resistance
a: no special abilities


You were on level 5 of the Dungeon.
You visited 1 branch of the dungeon, and saw 5 of its levels.

You collected 98 gold pieces.

Inventory:

Hand Weapons
 a - a +0 flail (weapon)
Armour
 b - a +0 scale mail (worn)
 c - a +0 buckler
 j - a +0 cloak (worn)
 n - a +0 pair of gloves (worn)
Jewellery
 g - an amulet of guardian spirit (around neck)
 h - a ring of ice
 t - a ring of protection from cold
Wands
 e - a wand of mindburst (12)
 l - a wand of flame (13)
 m - a wand of polymorph (12)
Scrolls
 f - a scroll of noise {unknown}
 i - a scroll of teleportation {unknown}
 k - a scroll of enchant armour {unknown}
 o - a scroll of silence {unknown}
 q - a scroll of vulnerability {unknown}
 r - 2 scrolls of amnesia {unknown}
 s - a scroll of identify {unknown}


   Skills:
 + Level 4.0 Fighting
 + Level 4.3 Maces & Flails
 + Level 4.4 Armour
 * Level 1.1 Dodging
 - Level 0.4 Stealth
 + Level 3.6 Shields
 + Level 0.7 Unarmed Combat


You had 5 spell levels left.
You didn't know any spells.
Your spell library was empty.

Dungeon Overview and Level Annotations

Branches:
Dungeon (5/15)
 Temple: D:4-7

Altars:

Annotations:
D:4 Grinder


Innate Abilities, Weirdness & Mutations

You are immune to sickness and miasma.
Your stone body is resilient. (AC +4)
You are immune to poison.
You resist negative energy. (rN+)
You are resistant to electric shocks. (rElec)
You are resistant to unholy torment.
You are immune to petrification.


Message History

The orc closely misses you. The hound bites you but does no damage.
The hound closely misses you. The hound bites you but does no damage.
You hit the hound. Your punch misses the hound.
The hound is moderately wounded.
The hound closely misses you. The hound bites you.
You sock the hound!
The hound is severely wounded.
The hound bites you but does no damage.
You thump the hound!
You kill the hound!
An orc comes into view. It is wielding a +0 club.
You have reached level 6!
Found a stone staircase leading up.
The orc warrior attacks as it pursues you!
The orc warrior hits you with a +0 hand axe.
* * * LOW HITPOINT WARNING * * *
The orc hits you but does no damage.
Aiming: Mindburst
Press: ? - help, Shift-Dir - straight line, f - orc
Aim: an orc, wielding a +0 hand axe (chance to affect: 79%)
The orc warrior's mind is blasted!!
You hear a shout! x2
Unknown command.
Unknown command.
Aiming: Mindburst
Press: ? - help, Shift-Dir - straight line, f - orc warrior, p - orc
Aim: an orc warrior, wielding a +0 hand axe and wearing a +0 plate armour (severely wounded, chance to affect: 64%)
The orc warrior struggles to resist.
An orc comes into view. It is wielding a +3 whip of venom.
The orc misses you. The orc warrior barely misses you.
You sock the orc!
You kill the orc!
The orc hits you but does no damage. The orc closely misses you.
The orc warrior hits you with a +0 hand axe!
* * * LOW HITPOINT WARNING * * *
Unknown command.
It was a potion of magic.
Magic courses through your body. The orc hits you but does no damage.
The orc barely misses you.
The orc warrior hits you with a +0 hand axe!
You die...

# #. ... ....
..... #####
......#.oo#
#.....)<#o###
#...).#.#o@o#
#.#.# #.###)#
# o.. ... o..
.##.# .##.#
.. .. . .. .#
## .. .. <#
##


You could see an orc warrior and 4 orcs.

Vanquished Creatures
  2 hounds
  Ijyb (D:3)
  Terence (D:2)
  Natasha (D:4)
  3 adders
  A worm (D:2)
  3 dart slugs
  6 orcs
  6 endoplasms
  3 giant cockroaches
  7 goblins
  5 hobgoblins
  5 jackals
  6 kobolds
  3 quokkas
  2 ball pythons
  11 bats
  7 frilled lizards
  5 rats
78 creatures vanquished.

Notes
Turn   | Place    | Note
-------+----------+-------------------------------------------
     0 | D:1      | dialectric the Gargoyle Fighter began the quest for the
                  | Orb.
     0 | D:1      | Reached XP level 1. HP: 14/14 MP: 1/1
   125 | D:1      | Reached XP level 2. HP: 19/19 MP: 2/2
   417 | D:1      | Reached XP level 3. HP: 23/23 MP: 3/3
   987 | D:2      | Reached XP level 4. HP: 28/29 MP: 4/4
  1132 | D:2      | Noticed Terence
  1146 | D:2      | Killed Terence
  1272 | D:2      | Found a faded altar of an unknown god.
  1574 | D:3      | Reached XP level 5. HP: 31/33 MP: 5/5
  1699 | D:3      | Noticed Ijyb
  1713 | D:3      | Killed Ijyb
  2276 | D:4      | Noticed Natasha
  2280 | D:4      | Killed Natasha
  2281 | D:4      | Reached skill level 1 in Dodging
  2281 | D:4      | Noticed Grinder
  2286 | D:4      | Paralysed by Grinder for 4 turns
  2294 | D:4      | Paralysed by Grinder for 2 turns
  2313 | D:5      | Entered Level 5 of the Dungeon
  2319 | D:5      | Noticed an orc warrior
  2325 | D:5      | Reached XP level 6. HP: 12/38 MP: 2/6
  2328 | D:5      | HP: 1/38 [orc warrior/+0 hand axe (8)]
  2329 | D:5      | Slain by an orc warrior

Illustrated notes

Levels and vault maps discovered:
D:1:      heliophobic_arrival_enchanted_forest, layout_loops_corners,
          serial_park_tiny_2
D:2:      layout_loops_cross, nicolae_ecumenical_lake_church, uniq_terence
D:3:      layout_basic, uniq_ijyb
D:4:      layout_basic, uniq_sigmund, uniq_grinder, uniq_natasha
D:5:      layout_basic, chequers_serial_rivers_room_b,
          minmay_misc_feat_more_columns, st_stairs_10

Skill      XL: |  1  2  3  4  5 |
---------------+----------------+-----
Maces & Flails | 3 4 |  4.3
Armour         | 4 |  4.4
Fighting       | 4 |  4.0
Dodging        | 1 |  1.1
Stealth        | |  0.4
Shields        | |  3.6
Unarmed Combat | |  0.7

Action                     |  1- 3 |  4- 6 || total
---------------------------+-------+-------++-------
  Melee: Flail             |   119 |   119 ||   238
         Punch             |     1 |     2 ||     3
         Unarmed           |       |     7 ||     7
  Evoke: Wand              |       |     2 ||     2
    Use: Potion            |       |     7 ||     7
 Armour: Scale mail        |   103 |   108 ||   211
         Skin              |       |     3 ||     3
  Dodge: Dodged            |    72 |    79 ||   151
  Block: Buckler           |     1 |       ||     1

Table legend: (Time is in decaauts)
 A = Elapsed time spent in this place.
 B = Non-inter-level travel time spent in this place.
 C = Inter-level travel time spent in this place.
 D = Time resting spent in this place.
 E = Time spent auto-exploring this place.
 F = Levels seen in this place.
 G = Mean time per level.
                   A        B        C        D        E       F      G
               +--------+--------+--------+--------+--------+-----+--------+
         Total |   2388 |   2295 |     93 |      0 |   1675 |   5 |  477.6 |
       Dungeon |   2388 |   2295 |     93 |      0 |   1675 |   5 |  477.6 |
               +--------+--------+--------+--------+--------+-----+--------+

Top non-repeatable levels by time:
     D:1: 883 daAuts
     D:3: 719 daAuts
     D:2: 669 daAuts
     D:4: 98 daAuts
     D:5: 17 daAuts
